 Dungeon Crawl Stone Soup version 0.28-a0-1510-gd0f6b136d3 (webtiles) character file.

Game seed: 7881930374400318834

16 psuckher the Digger (level 2, 0/15 HPs)
             Began as a Gargoyle Earth Elementalist on Jan 15, 2022.
             Was a Follower of Yredelemnul.
             Slain by a jackal (3 damage)
             ... on level 1 of the Dungeon.
             The game lasted 00:04:04 (644 turns).

psuckher the Digger (Gargoyle Earth Elementalist)    Turns: 644, Time: 00:04:04

Health: 0/15       AC:  8    Str: 11    XL:     2   Next: 58%
Magic:  4/5        EV:  8    Int: 15    God:    Yredelemnul [*.....]
Gold:   22         SH:  0    Dex: 10    Spells: 4/5 levels left

rFire   . . .      SeeInvis .   (no weapon)
rCold   . . .      Faith    .   (no shield)
rNeg    + . .      Spirit   .   e - +0 scale mail
rPois   ∞          Reflect  .   (no helmet)
rElec   +          Harm     .   (no cloak)
rCorr   .          Rampage  .   (no gloves)
Will    .....                   (no boots)
Stlth   ..........              (no amulet)
HPRegen 0.05/turn               a - ring of wizardry
MPRegen 0.09/turn               (no ring)

@: no status effects
A: sickness immunity, AC +2, negative energy resistance 1, electricity
resistance, torment resistance 1, petrification resistance
a: Renounce Religion, Recall Undead Harvest


You were on level 1 of the Dungeon.
You worshipped Yredelemnul.
Yredelemnul was noncommittal.
You visited 1 branch of the dungeon, and saw 1 of its levels.

You collected 22 gold pieces.

Inventory:

Missiles
 c - 48 stones
Armour
 b - a +0 robe
 e - a +0 scale mail (worn)
Jewellery
 a - a ring of wizardry (left hand)
Potions
 d - a potion of curing {unknown}


   Skills:
 + Level 0.1 Fighting
 + Level 1.6 Dodging
 + Level 2.3 Stealth
 + Level 2.1 Spellcasting
 + Level 0.7 Transmutations
 + Level 4.3 Earth Magic


You had 4 spell levels left.
You knew the following spells:

 Your Spells              Type           Power      Damage    Failure   Level
a - Sandblast             Erth           28%        2d8       10%         1

Your spell library contained the following spells:

 Spells                   Type           Power      Damage    Failure   Level
 Passwall                 Tmut/Erth      7%         N/A       28%         2
 Stone Arrow              Conj/Erth      16%        3d8       52%         3
 Petrify                  Tmut/Erth      9%         N/A       86%         4


Dungeon Overview and Level Annotations

Branches:
Dungeon (1/15)

Altars:
Yredelemnul


Innate Abilities, Weirdness & Mutations

You are immune to sickness and miasma.
Your stone body is resilient. (AC +2)
You are immune to poison.
You resist negative energy. (rN+)
You are resistant to electric shocks. (rElec)
You are resistant to unholy torment.
You are immune to petrification.


Message History

A black mist starts to gather...
The jackal bites your ball python zombie.
A jackal comes into view.
The jackal barks!
The jackal barely misses your ball python zombie.
The jackal pauses to sniff the ground.
The jackal bites your ball python zombie.
Your ball python zombie bites the jackal but does no damage.
Your ball python zombie grabs the jackal.
Your ball python zombie constricts the jackal.
The jackal bites your ball python zombie.
Your ball python zombie bites the jackal but does no damage.
Your ball python zombie constricts the jackal.
The jackal bites your ball python zombie. x2
Your ball python zombie is destroyed!
The jackal bites your adder zombie.
You swap places.
The jackal bites you but does no damage.
The jackal barely misses you. The jackal bites you.
You hit the jackal.
The jackal is lightly wounded.
Your adder zombie closely misses the jackal.
The jackal closely misses you.
The jackal bites you but does no damage.
Your adder zombie bites the jackal but does no damage.
Your adder zombie closely misses the jackal.
You closely miss the jackal.
The jackal bites you but does no damage. x2
Your adder zombie misses the jackal.
The jackal bites you.
Your adder zombie barely misses the jackal.
You closely miss the jackal. The jackal bites you.
* * * LOW HITPOINT WARNING * * *
The jackal barely misses you.
Your adder zombie bites the jackal.
The jackal bites you but does no damage.
Your adder zombie misses the jackal.
You hit the jackal but do no damage.
The jackal is lightly wounded.
The jackal bites you.
You die...
Your body rises from the dead as a mindless zombie.

..# ##.# ##..#
##...# #.....
#...## ##.hh##
##.Z@Z.##
##...Z...##
#.........#
#.....>...# #
#.........# #.#
#........#####.##
#.#.....##.##...##
#.##...##........#
#...............#


You could see 2 jackals, a friendly ball python zombie and 2 friendly adder
zombies.

Vanquished Creatures
  3 endoplasms (D:1)
  2 goblins (D:1)
  A hobgoblin (D:1)
  5 ball pythons (D:1)
  A frilled lizard (D:1)
  2 kobolds (D:1)
  A rat (D:1)
15 creatures vanquished.

Vanquished Creatures (collateral kills)
  A goblin (D:1)
1 creature vanquished.

Vanquished Creatures (others)
  A ball python zombie (D:1)
  2 demonic plants (D:1)
  2 plants (D:1)
  A withered plant (D:1)
6 creatures vanquished.

Grand Total: 22 creatures vanquished

Notes
Turn   | Place    | Note
-------+----------+-------------------------------------------
     0 | D:1      | psuckher the Gargoyle Earth Elementalist began the quest
                  | for the Orb.
     0 | D:1      | Reached XP level 1. HP: 10/10 MP: 3/3
   406 | D:1      | Reached skill level 4 in Earth Magic
   455 | D:1      | Reached XP level 2. HP: 14/15 MP: 1/5
   556 | D:1      | Found a faded altar of an unknown god.
   599 | D:1      | Prayed at the altar of an unknown god.
   599 | D:1      | Became a worshipper of Yredelemnul the Dark
   599 | D:1      | Reached * piety under Yredelemnul
   644 | D:1      | Slain by a jackal

Illustrated notes

Levels and vault maps discovered:
D:1:      giann_forest_graveyard, layout_loops_corners,
          shapermc_ecumenical_altar_gd, minmay_tree_intersection

Skill      XL: |  1 |
---------------+----+-----
Earth Magic    | 4 |  4.3
Fighting       | |  0.1
Dodging        | |  1.6
Stealth        | |  2.3
Spellcasting   | |  2.1
Transmutations | |  0.7

Action                   || total
-------------------------++-------
Melee: Unarmed           ||    65
       Punch             ||     1
 Cast: Sandblast         ||    13
Armor: Scale mail        ||    38
       Robe              ||     4
Dodge: Dodged            ||    27

Table legend: (Time is in decaauts)
 A = Elapsed time spent in this place.
 B = Non-inter-level travel time spent in this place.
 C = Inter-level travel time spent in this place.
 D = Time resting spent in this place.
 E = Time spent auto-exploring this place.
 F = Levels seen in this place.
 G = Mean time per level.
                   A        B        C        D        E       F      G
               +--------+--------+--------+--------+--------+-----+--------+
         Total |    643 |    637 |      6 |      0 |      0 |   1 |  643.0 |
       Dungeon |    643 |    637 |      6 |      0 |      0 |   1 |  643.0 |
               +--------+--------+--------+--------+--------+-----+--------+

Top non-repeatable levels by time:
     D:1: 643 daAuts
